PBL
CAROLINA WARHOUNDS @ ATLANTA BRAVES
09/25/2052
 
TOP OF THE 1ST
Carolina Warhounds batting - Pitching for Atlanta Braves : RHP Bob Barnes
Pitching: RHP Bob Barnes
Batting: LHB Anthony Kessler 0-0: Ball
1-0: Ground out 4-3 (Groundball, 4, EV 80.6 MPH)
Batting: RHB Colm Jones 0-0: Ball
1-0: Called Strike
1-1: Ball
2-1: Ground out 6-3 (Groundball, 6, EV 106.3 MPH)
Batting: RHB Sifaks Ben Hassi 0-0: Swinging Strike
0-1: Ball
1-1: Ball
2-1: Ball
3-1: Called Strike
3-2: Strikes out swinging
Top of the 1st over - 0 runs, 0 hits, 0 errors, 0 left on base; Carolina 0 - Atlanta 0
BOTTOM OF THE 1ST
Atlanta Braves batting - Pitching for Carolina Warhounds : RHP Pedro Pérez
Pitching: RHP Pedro Pérez
Batting: RHB Ramón Sánchez 0-0: Ball
1-0: Foul Ball, location: 2F
1-1: Swinging Strike
1-2: Strikes out swinging
Batting: SHB Moromao Kogawa 0-0: Ball
1-0: Foul Ball, location: 2F
1-1: Ball
2-1: Fly out, F8 (Flyball, 8LXD, EV 81.9 MPH)
Batting: RHB Eric Honess 0-0: Ground out 6-3 (Groundball, 6, EV 89.4 MPH)
Bottom of the 1st over - 0 runs, 0 hits, 0 errors, 0 left on base; Carolina 0 - Atlanta 0
TOP OF THE 2ND
Carolina Warhounds batting - Pitching for Atlanta Braves : RHP Bob Barnes
Batting: RHB Lorenzo Hernández 0-0: Ball
1-0: Ball
2-0: Fly out, F6 (Flyball, 56D, EV 90.6 MPH)
Batting: LHB Mauro Martínez 0-0: Ball
1-0: Foul Ball, location: 2F
1-1: Ball
2-1: Called Strike
2-2: Ball
3-2: Strikes out swinging
Batting: RHB Michael Portsmouth 0-0: Called Strike
0-1: Ball
1-1: Fly out, F8 (Flyball, 8RS, EV 75.0 MPH)
Top of the 2nd over - 0 runs, 0 hits, 0 errors, 0 left on base; Carolina 0 - Atlanta 0
BOTTOM OF THE 2ND
Atlanta Braves batting - Pitching for Carolina Warhounds : RHP Pedro Pérez
Batting: LHB Yukinaga Saito 0-0: Foul Ball, location: 2F
0-1: SINGLE (Groundball, 4MD, EV 99.4 MPH)
Batting: RHB Hung Tse 0-0: Fielders Choice at 2nd, 6-4 (Groundball, 6, EV 78.1 MPH)
Batting: LHB Len Boyle 0-0: Ball
1-0: Fly out, F7 (Flyball, 7, EV 86.9 MPH)
Batting: RHB Eric Barthold 0-0: Ball
1-0: Ball
2-0: 2-RUN HOME RUN (Flyball, 9D, EV 95.0 MPH), Distance : 373 ft
Batting: RHB Greg Thomas 0-0: Called Strike
0-1: Ball
1-1: Ball
2-1: Ball
3-1: Called Strike
3-2: Ground out 1-3 (Groundball, 13, EV 79.4 MPH)
Bottom of the 2nd over - 2 runs, 2 hits, 0 errors, 0 left on base; Carolina 0 - Atlanta 2
TOP OF THE 3RD
Carolina Warhounds batting - Pitching for Atlanta Braves : RHP Bob Barnes
Batting: LHB Patrick McCain 0-0: Called Strike
0-1: Ball
1-1: Ball
2-1: Fly out, F7 (Line Drive, 7, EV 97.5 MPH)
Batting: RHB Lewis Frobel 0-0: Ground out U3 (Groundball, 3, EV 107.5 MPH)
Batting: RHB Tom Martin 0-0: Ground out 6-3 (Groundball, 6, EV 91.3 MPH)
Top of the 3rd over - 0 runs, 0 hits, 0 errors, 0 left on base; Carolina 0 - Atlanta 2
BOTTOM OF THE 3RD
Atlanta Braves batting - Pitching for Carolina Warhounds : RHP Pedro Pérez
Batting: LHB Zi-xing Guang 0-0: Foul Ball, location: 2F
0-1: Ball
1-1: Called Strike
1-2: Foul Ball, location: 2F
1-2: Strikes out swinging
Batting: RHB Ramón Sánchez 0-0: Called Strike
0-1: Fly out, F7 (Flyball, 78M, EV 93.8 MPH)
Batting: SHB Moromao Kogawa 0-0: Ball
1-0: Ball
2-0: Swinging Strike
2-1: Called Strike
2-2: Foul Ball, location: 2F
2-2: Foul Ball, location: 2F
2-2: Strikes out looking
Bottom of the 3rd over - 0 runs, 0 hits, 0 errors, 0 left on base; Carolina 0 - Atlanta 2
TOP OF THE 4TH
Carolina Warhounds batting - Pitching for Atlanta Braves : RHP Bob Barnes
Batting: LHB Anthony Kessler 0-0: Ball
1-0: Fly out, F2 (Popup, 25F, EV 75.0 MPH)
Batting: RHB Colm Jones 0-0: Swinging Strike
0-1: Ball
1-1: Called Strike
1-2: Strikes out swinging
Batting: RHB Sifaks Ben Hassi 0-0: SOLO HOME RUN (Flyball, 7LD, EV 95.0 MPH), Distance : 360 ft
Batting: RHB Lorenzo Hernández 0-0: Called Strike
0-1: Ball
1-1: Swinging Strike
1-2: SINGLE (Line Drive, 8LS, EV 95.0 MPH)
Batting: LHB Mauro Martínez 0-0: Ball
1-0: Called Strike
1-1: Called Strike
1-2: Strikes out swinging
Top of the 4th over - 1 run, 2 hits, 0 errors, 1 left on base; Carolina 1 - Atlanta 2
BOTTOM OF THE 4TH
Atlanta Braves batting - Pitching for Carolina Warhounds : RHP Pedro Pérez
Batting: RHB Eric Honess 0-0: Ground out 4-3 (Groundball, 4, EV 105.0 MPH)
Batting: LHB Yukinaga Saito 0-0: Ball
1-0: Ball
2-0: Ball
3-0: Called Strike
3-1: Swinging Strike
3-2: Foul Ball, location: 2F
3-2: Foul Ball, location: 2F
3-2: Base on Balls
Batting: RHB Hung Tse 0-0: Ball
1-0: Swinging Strike
1-1: Foul Ball, location: 2F
1-2: Strikes out swinging
Batting: LHB Len Boyle 0-0: Ball
1-0: Ball
2-0: 2-RUN HOME RUN (Flyball, 89XD, EV 93.1 MPH) (Inside the Park)
Batting: RHB Eric Barthold 0-0: Ball
1-0: Swinging Strike
1-1: Ball
2-1: Swinging Strike
2-2: Fly out, F8 (Flyball, 8RM, EV 84.4 MPH)
Bottom of the 4th over - 2 runs, 1 hit, 0 errors, 0 left on base; Carolina 1 - Atlanta 4
TOP OF THE 5TH
Carolina Warhounds batting - Pitching for Atlanta Braves : RHP Bob Barnes
Batting: RHB Michael Portsmouth 0-0: Called Strike
0-1: Ball
1-1: Ball
2-1: SINGLE (Line Drive, 56D, EV 109.4 MPH)
Batting: LHB Patrick McCain 0-0: Ball
1-0: Bunted foul
1-1: Sac Bunt to 23 - play at second, runner OUT! 3-6
Batting: RHB Lewis Frobel 0-0: Ball
1-0: Called Strike
1-1: Ball
2-1: Grounds into double play, 5-4-3 (Groundball, 56, EV 88.1 MPH)
Top of the 5th over - 0 runs, 1 hit, 0 errors, 0 left on base; Carolina 1 - Atlanta 4
BOTTOM OF THE 5TH
Atlanta Braves batting - Pitching for Carolina Warhounds : RHP Pedro Pérez
Batting: RHB Greg Thomas 0-0: Called Strike
0-1: Ball
1-1: Ball
2-1: Ball
3-1: Foul Ball, location: 2F
3-2: Base on Balls
Batting: LHB Zi-xing Guang 0-0: Sac Bunt to 15 - play at first, batter OUT! 1-3
Greg Thomas to second
Batting: RHB Ramón Sánchez 0-0: Foul Ball, location: 2F
0-1: Fly out, F9 (Line Drive, 9, EV 98.1 MPH)
Runner from 2nd tags up, SAFE at 3rd with throw by RF
Batting: SHB Moromao Kogawa 0-0: Called Strike
0-1: Foul Ball, location: 2F
0-2: Ball
1-2: Foul Ball, location: 2F
1-2: Ground out 4-3 (Groundball, 34, EV 109.4 MPH)
Bottom of the 5th over - 0 runs, 0 hits, 0 errors, 1 left on base; Carolina 1 - Atlanta 4
TOP OF THE 6TH
Carolina Warhounds batting - Pitching for Atlanta Braves : RHP Bob Barnes
Batting: RHB Tom Martin 0-0: Ball
1-0: Swinging Strike
1-1: Ball
2-1: Fly out, F8 (Flyball, 8RM, EV 79.4 MPH)
Batting: LHB Anthony Kessler 0-0: Swinging Strike
0-1: Ball
1-1: Ball
2-1: Ground out 1-3 (Groundball, 13, EV 78.1 MPH)
Batting: RHB Colm Jones 0-0: Ball
1-0: Swinging Strike
1-1: Ball
2-1: Ball
3-1: Base on Balls
Batting: RHB Sifaks Ben Hassi 0-0: Foul Ball, location: 2F
0-1: Ball
1-1: Foul Ball, location: 2F
1-2: Foul Ball, location: 2F
1-2: Fielders Choice at 2nd, 6-4 (Groundball, 6, EV 83.1 MPH)
Top of the 6th over - 0 runs, 0 hits, 0 errors, 1 left on base; Carolina 1 - Atlanta 4
BOTTOM OF THE 6TH
Atlanta Braves batting - Pitching for Carolina Warhounds : RHP Pedro Pérez
Batting: RHB Eric Honess 0-0: Ball
1-0: Ball
2-0: Called Strike
2-1: Foul Ball, location: 2F
2-2: Strikes out looking
Batting: LHB Yukinaga Saito 0-0: Ball
1-0: Ground out 1-3 (Groundball, P, EV 83.8 MPH)
Batting: RHB Hung Tse 0-0: Swinging Strike
0-1: Ball
1-1: Swinging Strike
1-2: Ball
2-2: Foul Ball, location: 2F
2-2: Foul Ball, location: 2F
2-2: Foul Ball, location: 2F
2-2: Foul Ball, location: 2F
2-2: Ball
3-2: Strikes out swinging
Bottom of the 6th over - 0 runs, 0 hits, 0 errors, 0 left on base; Carolina 1 - Atlanta 4
TOP OF THE 7TH
Carolina Warhounds batting - Pitching for Atlanta Braves : RHP Bob Barnes
Batting: RHB Lorenzo Hernández 0-0: Ball
1-0: Foul Ball, location: 2F
1-1: Called Strike
1-2: Ground out 3-1 (Groundball, 34, EV 101.9 MPH)
Batting: LHB Mauro Martínez 0-0: Called Strike
0-1: Swinging Strike
0-2: Foul Ball, location: 2F
0-2: SINGLE (Flyball, 7LM, EV 95.6 MPH)
Batting: RHB Michael Portsmouth 0-0: Called Strike
0-1: Ball
1-1: Called Strike
1-2: Ball
Wild Pitch!
Mauro Martínez to second
2-2: Foul Ball, location: 2F
2-2: Strikes out looking
Batting: LHB Patrick McCain 0-0: Ball
1-0: Foul Ball, location: 2F
1-1: Ground out U3 (Groundball, 3L, EV 106.9 MPH)
Top of the 7th over - 0 runs, 1 hit, 0 errors, 1 left on base; Carolina 1 - Atlanta 4
BOTTOM OF THE 7TH
Atlanta Braves batting - Pitching for Carolina Warhounds : RHP Pedro Pérez
Pitching: LHP Dan Colón
Batting: LHB Len Boyle 0-0: Ball
1-0: SOLO HOME RUN (Flyball, 89XD, EV 96.3 MPH), Distance : 401 ft
Batting: RHB Eric Barthold 0-0: Ball
1-0: Ground out 4-3 (Groundball, 4, EV 87.5 MPH)
Batting: RHB Greg Thomas 0-0: Foul Ball, location: 2F
0-1: Foul Ball, location: 2F
0-2: Ball
1-2: Fly out, F4 (Popup, 34S, EV 66.9 MPH)
Batting: LHB Zi-xing Guang 0-0: SINGLE (Groundball, 4MD, EV 105.6 MPH)
Batting: RHB Ramón Sánchez 0-0: Called Strike
0-1: Ground out 5-3 (Groundball, 56S, EV 92.5 MPH)
Bottom of the 7th over - 1 run, 2 hits, 0 errors, 1 left on base; Carolina 1 - Atlanta 5
TOP OF THE 8TH
Carolina Warhounds batting - Pitching for Atlanta Braves : RHP Bob Barnes
Pitching: RHP Terence Corsa
Batting: RHB Lewis Frobel 0-0: Called Strike
0-1: Ball
1-1: Swinging Strike
1-2: Fly out, F9 (Flyball, 9D, EV 93.8 MPH)
Batting: RHB Tom Martin 0-0: Ball
1-0: Ball
2-0: Ground out U3 (Groundball, 3, EV 85.6 MPH)
Batting: LHB Anthony Kessler 0-0: Swinging Strike
0-1: Hit by Pitch
Batting: RHB Colm Jones 0-0: Swinging Strike
0-1: Foul Ball, location: 2F
0-2: Ball
1-2: Foul Ball, location: 2F
1-2: Ball
2-2: Foul Ball, location: 2F
2-2: SINGLE (Groundball, 56S, EV 72.5 MPH) (infield hit)
Anthony Kessler to second
Batting: RHB Sifaks Ben Hassi 0-0: Swinging Strike
0-1: Swinging Strike
0-2: Ball
1-2: Ball
2-2: Strikes out swinging
Top of the 8th over - 0 runs, 1 hit, 0 errors, 2 left on base; Carolina 1 - Atlanta 5
BOTTOM OF THE 8TH
Atlanta Braves batting - Pitching for Carolina Warhounds : LHP Dan Colón
Batting: SHB Moromao Kogawa 0-0: Ground out 4-3 (Groundball, 4, EV 108.1 MPH)
Batting: RHB Eric Honess 0-0: Foul Ball, location: 2F
0-1: Swinging Strike
0-2: Foul Ball, location: 2F
0-2: Fly out, F8 (Line Drive, 8RD, EV 91.3 MPH)
Batting: LHB Yukinaga Saito 0-0: Ball
1-0: Ball
2-0: Called Strike
2-1: Fly out, F8 (Flyball, 8RS, EV 93.8 MPH)
Bottom of the 8th over - 0 runs, 0 hits, 0 errors, 0 left on base; Carolina 1 - Atlanta 5
TOP OF THE 9TH
Carolina Warhounds batting - Pitching for Atlanta Braves : RHP Terence Corsa
Pitching: RHP Doug Rollins
Batting: RHB Lorenzo Hernández 0-0: Fly out, F9 (Flyball, 9, EV 91.3 MPH)
Batting: LHB Mauro Martínez 0-0: Ball
1-0: Called Strike
1-1: Swinging Strike
1-2: Strikes out looking
Batting: RHB Michael Portsmouth 0-0: Fly out, F8 (Flyball, 8RM, EV 87.5 MPH)
Top of the 9th over - 0 runs, 0 hits, 0 errors, 0 left on base; Carolina 1 - Atlanta 5
Wednesday, December 18th, 2019 - OOTP Baseball 20.8 Build 73